 Dungeon Crawl Stone Soup version 0.29.1-2-gbd0b4ee654 (webtiles) character file.

Game seed: 16659281581841218255

102 H0rd4k the Insei (level 4, -7/28 HPs)
             Began as an Octopode Transmuter on Oct 24, 2022.
             Mangled by an ice beast (8 damage)
             ... on level 3 of the Dungeon.
             The game lasted 00:02:58 (3172 turns).

H0rd4k the Insei (Octopode Transmuter)              Turns: 3172, Time: 00:02:59

Health: -7/28      AC:  1    Str:  9    XL:     4   Next: 77%
Magic:  7/8        EV: 13    Int: 17    God:
Gold:   128        SH:  0    Dex: 12    Spells: 7/8 levels left

rFire   . . .      SeeInvis .     - Unarmed
rCold   . . .      Faith    .   (no shield)
rNeg    . . .      Spirit   .   (helmet currently unavailable)
rPois   .          Reflect  .   (no amulet)
rElec   .          Harm     .   (no ring)
rCorr   .          Rampage  .   (no ring)
Will    .....                   (no ring)
Stlth   ++........              (no ring)
HPRegen 0.09/turn               (no ring)
MPRegen 0.11/turn               (no ring)
                                (no ring)
                                (no ring)

@: appendages
A: tentacle spike 3, almost no armour, amphibious, 8 rings, camouflage 1,
gelatinous body 1, (nimble swimmer 1), tentacles
a: End Transformation


You were on level 3 of the Dungeon.
One of your tentacles had grown a beastly spike.
You visited 1 branch of the dungeon, and saw 3 of its levels.

You collected 128 gold pieces.

Inventory:

Missiles
 d - 8 poisoned darts (quivered)
Armour
 o - an orb of guile
Jewellery
 i - an amulet of guardian spirit
Scrolls
 b - a scroll of blinking {unknown}
 e - 2 scrolls of fog {unknown}
 g - 2 scrolls of identify {unknown}
 j - a scroll of fear {unknown}
 l - a scroll of teleportation {unknown}
 m - a scroll of poison {unknown}
 s - a scroll of magic mapping {unknown}
Potions
 a - a potion of lignification
 c - a potion of cancellation {unknown}
 f - a potion of might {unknown}
 h - a potion of haste {unknown}
 k - a potion of magic {unknown}
 n - a potion of heal wounds {unknown}
 p - 4 potions of mutation {unknown}
 q - 2 potions of degeneration {unknown}
 r - a potion of curing {unknown}


   Skills:
 + Level 1.0 Fighting
 + Level 2.5 Dodging
 + Level 4.5 Unarmed Combat
 + Level 2.8 Spellcasting
 + Level 2.0 Transmutations


You had 7 spell levels left.
You knew the following spells:

 Your Spells              Type           Power      Damage    Failure   Level
a - Beastly Appendage     Tmut           18%        N/A       8%          1

Your spell library contained the following spells:

 Spells                   Type           Power      Damage    Failure   Level
 Wereblood                Tmut           9%         N/A       12%         2
 Spider Form              Tmut/Pois      5%         N/A       34%         3
 Confusing Touch          Hex            2%         N/A       47%         3
 Ice Form                 Ice/Tmut       5%         N/A       75%         4
 Yara's Violent Unravell  Hex/Tmut       2%         3d3       97%         5
 Enfeeble                 Hex            1%         N/A       100%        7


Dungeon Overview and Level Annotations

Branches:
Dungeon (3/15)

Altars:
Trog

Shops:
D:1 ?

Annotations:
D:1 exclusion: downstairs
D:2 1 runed translucent door, exclusions: downstairs and gnoll, Crazy Yiuf


Innate Abilities, Weirdness & Mutations

One of your tentacles has grown a beastly spike.
You cannot wear most types of armour.
You are amphibious.
You can wear up to eight rings at the same time.
Your skin changes colour to match your surroundings (Stealth+).
Your rubbery body absorbs attacks. (AC +1, EV +1)
((You are camouflaged when in or above water. (Stealth+)))
You have tentacles for arms and can constrict up to eight enemies at once.


Message History

p - 4 bubbling green potions (gained 1)
An ice beast is nearby!
An ice beast is nearby!
You throw a poisoned dart. The poisoned dart hits the ice beast.
You throw a poisoned dart. The poisoned dart hits the ice beast.
You throw a poisoned dart. The poisoned dart hits the ice beast.
The ice beast is poisoned.
You throw a poisoned dart.
The poisoned dart barely misses the ice beast.
You throw a poisoned dart.
The poisoned dart barely misses the ice beast.
Casting: Beastly Appendage (safe; 8% risk of failure)
Confirm with . or Enter, or press ? or * to list all spells.
One of your tentacles grows a vicious spike.
You tentacle-slap the ice beast but do no damage.
Your tentacle spike misses the ice beast.
The ice beast is moderately wounded.
The ice beast barely misses you.
You tentacle-slap the ice beast but do no damage.
Your tentacle spike misses the ice beast.
The ice beast is moderately wounded.
You tentacle-slap the ice beast but do no damage.
You pierce the ice beast.
You squeeze the ice beast.
The ice beast is heavily wounded.
The ice beast closely misses you.
You tentacle-slap the ice beast but do no damage.
The ice beast is heavily wounded.
The ice beast hits you. The ice beast freezes you!
Ouch! That really hurt!
You barely miss the ice beast.
You squeeze the ice beast, but do no damage.
The ice beast is heavily wounded.
The ice beast hits you. The ice beast freezes you.
* * * LOW HITPOINT WARNING * * *
You tentacle-slap the ice beast but do no damage.
The ice beast is heavily wounded.
The ice beast hits you.
* * * LOW HITPOINT WARNING * * *
The ice beast freezes you!
You die...

##..........##......[....#.......
##..........###....###.#.#.......
##.).....)....'.....##.#.#.......
##..........###.....#......#.....
###'##########......#..#.#.#.....
# #.##########.#.#######.#.......
###.........##.#.........#######.
.................................
###########.##.#@#.....#.........
..# ######.##.#Y#.###.#.##.#####
..# #......##.#.#...#.#.##.# #
..++##......##)#.###.#.#Y#..#....
.....#.......#.#.# #.#.#<#.##.###
...........#.#.#(# #.#.###.## .
.............#.#(###'#......# #
.............#..(.....##..#.#
......................#..##.#


You could see an ice beast (poisoned).

Vanquished Creatures
  4 gnolls (D:2)
  2 adders (D:2)
  3 worms (D:2)
  A dart slug (D:2)
  4 endoplasms
  4 goblins
  3 hobgoblins
  3 kobolds
  3 quokkas
  5 ball pythons
  A bat (D:2)
  3 rats
36 creatures vanquished.

Notes
Turn   | Place    | Note
-------+----------+-------------------------------------------
     0 | D:1      | H0rd4k the Octopode Transmuter began the quest for the Orb.
     0 | D:1      | Reached XP level 1. HP: 13/13 MP: 3/3
   434 | D:1      | Found Beunaenu's Magic Scroll Emporium.
   649 | D:1      | Found a faded altar of an unknown god.
   709 | D:2      | Reached XP level 2. HP: 18/18 MP: 5/5
   866 | D:2      | Reached XP level 3. HP: 13/23 MP: 5/7
  1064 | D:2      | Found a runed translucent door.
  1065 | D:2      | Noticed Crazy Yiuf
  1452 | D:2      | Found a bloodstained altar of Trog.
  1828 | D:2      | Reached skill level 4 in Unarmed Combat
  1828 | D:2      | Reached XP level 4. HP: 16/28 MP: 6/8
  3078 | D:3      | Noticed an ice beast
  3172 | D:3      | HP: 1/28 [ice beast (4)]
  3172 | D:3      | Mangled by an ice beast

Illustrated notes

Levels and vault maps discovered:
D:1:      lightli_arrival_flooded_house, layout_loops_ring,
          shapermc_ecumenical_altar_notcrosses, serial_shops,
          nicolae_diamond_shop, minmay_strange_pillars, minmay_tromino_v4_b
D:2:      layout_basic, serial_co_window_serial, co_window_paths_b,
          co_window_corner_a, co_window_paths_b, co_window_paths_b,
          co_window_corner_a, co_window_corner_a, co_window_corner_cb,
          co_window_paths_c, co_window_paths_c, co_window_unsneaky_path_e,
          co_window_sun, co_window_4corner_b, glass_columns_a, glass_columns_b,
          glass_columns_b, glass_columns_b, basic_altar,
          kennysheep_generic_room_5, uniq_crazy_yiuf_cottage
D:3:      layout_basic

Skill      XL: |  1  2  3 |
---------------+----------+-----
Unarmed Combat | 4 |  4.5
Fighting       | |  1.0
Dodging        | |  2.5
Spellcasting   | |  2.8
Transmutations | |  2.0

Action                   |  1- 3 |  4- 6 || total
-------------------------+-------+-------++-------
Melee: Unarmed           |    69 |    38 ||   107
       Constrict         |    16 |    10 ||    26
       Tentacles         |    13 |    10 ||    23
       Kick              |     6 |     4 ||    10
       Punch             |     1 |     2 ||     3
Throw: Dart              |       |     5 ||     5
 Cast: Beastly Appendage |     3 |     3 ||     6
 Stab: Sleeping          |     6 |     1 ||     7
Armor: Skin              |     2 |     3 ||     5
Dodge: Dodged            |    48 |    23 ||    71
